 Dungeon Crawl Stone Soup version 0.19.1 (webtiles) character file.

1526 Ijustatesigmund the Cleaver (level 8, -1/72 (74) HPs)
             Began as a Minotaur Monk on Nov 25, 2016.
             Slain by an orc warrior
             ... wielding a +0 dire flail
              (11 damage)
             ... on level 6 of the Dungeon.
             The game lasted 00:18:58 (6217 turns).

Ijustatesigmund the Cleaver (Minotaur Monk)         Turns: 6217, Time: 00:18:59

HP:   -1/72 (74)    AC: 11    Str: 14 (15) XL:     8   Next: 54%
MP:   0/7           EV:  5    Int:  4 (7)  God:
Gold: 369           SH:  8    Dex: 15 (16) Spells: 0 memorised, 7 levels left

rFire  + . .     SeeInvis +     z - +7 war axe "Teup" {venom, *Noise +Blink SInv}
rCold  . . .     Gourm    .     g - +1 chain mail
rNeg   . . .     Faith    .     m - +1 shield
rPois  .         Spirit   +     (helmet restricted)
rElec  .         Reflect  .     (no cloak)
rCorr  .         Harm     .     (no gloves)
MR     .....                    (no boots)
Stlth  ..........               h - amulet of guardian spirit
                                (no ring)
                                b - ring of protection from fire

@: no status effects
A: retaliatory headbutt, horns 2
a: Evoke Blink


You were on level 6 of the Dungeon.
You were not hungry.

You visited 2 branches of the dungeon, and saw 8 of its levels.

You collected 369 gold pieces.

Inventory:

Hand Weapons
 q - a +3 war axe
 z - the +7 war axe "Teup" (weapon) {venom, *Noise +Blink SInv}
   (You found it on level 6 of the Dungeon)

   It poisons the flesh of those it strikes.
   It lets you see invisible.
   It lets you blink.
   It may make noises in combat.
 C - the +12 flail of Growth {elec, rF+ rN+ Str-3 Int+4}
   (You found it on level 6 of the Dungeon)

   Occasionally, upon striking a foe, it will discharge some electrical energy
   and cause terrible harm.
   It affects your strength (-3).
   It affects your intelligence (+4).
   It protects you from fire.
   It protects you from negative energy.
Armour
 g - a +1 chain mail (worn)
 m - a +1 shield (worn)
 x - a +0 plate armour
Jewellery
 b - a ring of protection from fire (left hand)
 h - an amulet of guardian spirit (around neck)
 n - an uncursed amulet of faith
 y - an uncursed ring of ice
Wands
 r - a wand of iceblast (8/15)
Scrolls
 i - 3 scrolls of recharging
 l - a scroll of remove curse
Potions
 a - 2 potions of curing {unknown}
 d - 2 potions of magic
 e - a potion of lignification {unknown}
 f - 2 potions of mutation {unknown}
 j - a potion of might
 o - 2 potions of flight {unknown}
 u - a potion of berserk rage {unknown}
 v - a potion of invisibility
 w - a potion of agility {unknown}
 A - 2 potions of brilliance {unknown}
Books
 p - a book of Callings

   Spells                             Type                      Level
   a - Summon Small Mammal            Summoning                    1
   b - Call Imp                       Summoning                    2
   c - Call Canine Familiar           Summoning                    3
   d - Summon Guardian Golem          Hexes/Summoning              3
   e - Summon Lightning Spire         Summoning/Air                4
   f - Summon Ice Beast               Ice/Summoning                4
Comestibles
 c - 4 bread rations
 k - a meat ration
 t - a slice of pizza


   Skills:
 + Level 8.1 Fighting
 * Level 9.3 Axes
 - Level 6.0 Armour
 - Level 3.2 Dodging
 - Level 1.5 Stealth
 + Level 0.0 Shields


You had 7 spell levels left.
You didn't know any spells.

Dungeon Overview and Level Annotations

Branches:
Dungeon (7/15)             Temple (1/1) D:4

Altars:
Ashenzari
Dithmenos
Elyvilon
Fedhas
Gozag
Hepliaklqana
Kikubaaqudgha
Makhleb
Nemelex Xobeh
Okawaru
Qazlal
Ru
Sif Muna
Trog
Uskayaw
Vehumet
Yredelemnul
Zin
The Shining One

Annotations:
D:2 Sigmund
D:7 Ladykiller69's ghost, novice FoFi


Innate Abilities, Weirdness & Mutations

You reflexively headbutt those who attack you in melee.
You have a pair of horns on your head.


Message History

You slash the orc!
You kill the orc!
You closely miss the orc.
The orc warrior hits you with a dire flail.
The orc hits you but does no damage.
You barely miss the orc warrior.
The orc warrior is moderately wounded.
You slash the orc!
You kill the orc!
The orc warrior hits you with a dire flail.
You slash the orc warrior!
The orc warrior looks as sick as possible!
The orc warrior is severely wounded.
The orc warrior hits you with a dire flail!
* * * LOW HITPOINT WARNING * * *
You hit the orc warrior but do no damage.
The orc warrior looks as sick as possible!
The orc warrior is severely wounded.
The orc warrior hits you with a dire flail!
You die...

##........#.......#.#.######.#.#.
##........###..##.#.#.##.......#.
##........# #..##.#.#.##.###.#...
###.......###..##.#.#........#.#.
................#.#.####.#.#.#.#.
###..........#..#.#....#.#.#.#...
# #..........#..#.#....#.#.#.####
###............)..#....#...#.....
..........#....)@o.....##########
...................)..........#
.......###.......###...######.#
...####..........# #...# #.#
...####...#......############.#
#.........#......##...........#
#.........#......##...........#
............#######...........#
..............................#


You could see an orc warrior.

Vanquished Creatures
  Grinder (D:5)
  Menkaure (D:6)
  An ice beast (D:5)
  A sky beast (D:5)
  A necrophage (D:6)
  2 ogres
  A water moccasin zombie (D:5)
  A scorpion (D:4)
  A crimson imp (D:5)
  A jelly (D:5)
  A quasit (D:6)
  An orc priest (D:5)
  Jessica (D:3)
  Natasha (thrice) (D:3)
  Terence (D:2)
  An iguana (D:5)
  2 orc wizards
  5 worker ants
  Robin (D:3)
  6 adders
  4 gnolls (D:4)
  3 shadow imps (D:5)
  An ooze (D:3)
  3 dart slugs
  6 leopard geckos
  13 orcs
  3 ball pythons
  4 giant cockroaches
  15 goblins
  8 hobgoblins
  8 jackals
  A quokka (D:5)
  4 bats
  8 frilled lizards
  3 kobolds
  A quokka skeleton (D:5)
  A quokka zombie (D:5)
  6 rats
  A spectral orc (D:6)
126 creatures vanquished.

Notes
Turn   | Place    | Note
-------+----------+-------------------------------------------
     0 | D:1      | Ijustatesigmund the Minotaur Monk began the quest for the Orb.
     0 | D:1      | Reached XP level 1. HP: 19/19 MP: 0/0
   239 | D:1      | Reached XP level 2. HP: 24/27 MP: 1/1
   243 | D:1      | Reached skill level 4 in Axes
   779 | D:2      | Noticed Terence
   792 | D:2      | Killed Terence
   792 | D:2      | Reached XP level 3. HP: 18/34 MP: 2/2
   954 | D:2      | Found a blossoming altar of Fedhas.
   956 | D:2      | Found an opulent altar of Gozag.
   965 | D:2      | Found a hide-covered altar of Uskayaw.
  1360 | D:2      | Reached skill level 5 in Fighting
  1360 | D:2      | Reached XP level 4. HP: 39/42 MP: 3/3
  1480 | D:2      | Noticed Sigmund
  1603 | D:4      | Found a staircase to the Ecumenical Temple.
  1607 | D:4      | Reached skill level 5 in Axes
  1619 | D:4      | Got a scorched dagger
  1620 | D:4      | Identified the +4 dagger "Kusufi Yrul" {pierce, rElec rPois Str+2} (You found it on level 4 of the Dungeon)
  1649 | Temple   | Entered the Ecumenical Temple
  1933 | D:4      | Reached skill level 1 in Armour
  1933 | D:4      | Reached XP level 5. HP: 46/48 MP: 2/4
  1948 | D:4      | Noticed Grinder
  1951 | D:4      | Paralysed by Grinder for 2 turns
  1956 | D:5      | Entered Level 5 of the Dungeon
  2245 | D:5      | Reached XP level 6. HP: 34/57 MP: 5/5
  2268 | D:5      | Reached skill level 6 in Axes
  2577 | D:5      | Noticed a sky beast
  2591 | D:5      | Killed a sky beast
  2627 | D:5      | Noticed an ice beast
  2649 | D:5      | Killed an ice beast
  2649 | D:5      | Reached XP level 7. HP: 30/64 MP: 3/6
  2823 | D:5      | Found a sacrificial altar of Ru.
  3047 | D:5      | Found a glowing silver altar of Zin.
  3208 | D:4      | Reached skill level 7 in Axes
  3403 | D:3      | Noticed Natasha
  3409 | D:3      | Killed Natasha
  3616 | D:3      | Noticed Natasha
  3619 | D:3      | Noticed Jessica
  3619 | D:3      | Killed Natasha
  3619 | D:3      | Reached skill level 5 in Armour
  3624 | D:3      | Noticed Robin
  3632 | D:2      | Found a hazy altar of Hepliaklqana.
  3632 | D:2      | Found a glowing golden altar of the Shining One.
  3845 | D:2      | Found a shadowy altar of Dithmenos.
  3858 | D:3      | Killed Jessica
  3864 | D:3      | Killed Robin
  4351 | D:3      | Noticed Natasha
  4356 | D:3      | Killed Natasha
  5031 | D:5      | Paralysed by Grinder for 3 turns
  5048 | D:5      | Paralysed by Grinder for 6 turns
  5056 | D:5      | Killed Grinder
  5056 | D:5      | Reached skill level 8 in Axes
  5056 | D:5      | Reached XP level 8. HP: 66/74 MP: 7/7
  5176 | D:6      | Got a pitted war axe
  5177 | D:6      | Identified the +7 war axe "Teup" {venom, *Noise +Blink SInv} (You found it on level 6 of the Dungeon)
  5178 | D:6      | Noticed Menkaure
  5189 | D:6      | Killed Menkaure
  5361 | D:5      | Reached skill level 9 in Axes
  5749 | D:6      | Got a brightly glowing flail
  5750 | D:6      | Identified the +12 flail of Growth {elec, rF+ rN+ Str-3 Int+4} (You found it on level 6 of the Dungeon)
  6169 | D:6      | Found a basalt altar of Yredelemnul.
  6207 | D:7      | Found a shattered altar of Ashenzari.
  6207 | D:7      | Noticed Ladykiller69's ghost (novice FoFi)
  6217 | D:6      | Slain by an orc warrior

Skill      XL: |  1  2  3  4  5  6  7  8 |
---------------+-------------------------+-----
Fighting       | 4 5 6 7 8 |  8.1
Axes           | 4 5 6 8 9 |  9.3
Armour         | 1 2 3 5 6 |  6.0
Dodging        | |  3.2
Stealth        | |  1.5

Action                   |  1- 3 |  4- 6 |  7- 9 || total
-------------------------+-------+-------+-------++-------
Melee: Hand axe          |    56 |   109 |    18 ||   183
       Headbutt          |    14 |    19 |    28 ||    61
       War axe           |       |       |   163 ||   163
  Use: Scroll            |     5 |     2 |     4 ||    11
       Potion            |       |       |     3 ||     3
 Stab: Sleeping          |     2 |       |       ||     2
       Invisible         |       |       |     1 ||     1
  Eat: Chunk             |     1 |     1 |     4 ||     6
       Meat ration       |       |     1 |       ||     1
       Bread ration      |       |       |     1 ||     1
       Beef jerky        |       |       |     1 ||     1
Armor: Robe              |    12 |       |       ||    12
       Chain mail        |       |    52 |    96 ||   148
Dodge: Dodged            |    42 |    37 |    79 ||   158
Block: Shield            |       |       |     5 ||     5
